 Dungeon Crawl Stone Soup version 0.29-a0-542-g075992c915 (webtiles) character file.

Game seed: 5514237652559118010

30191 HoaS the Sharpshooter (level 13, -9/90 HPs)
             Began as a Kobold Hunter on June 4, 2022.
             Was a High Priest of Okawaru.
             Mangled by an orc warrior
             ... wielding a +0 halberd
             ... led by an orc knight
              (33 damage)
             ... on level 1 of the Orcish Mines.
             The game lasted 00:33:35 (12826 turns).

HoaS the Sharpshooter (Kobold Hunter)              Turns: 12826, Time: 00:33:36

Health: -9/90      AC:  8    Str: 10    XL:     13   Next: 86%
Magic:  14/18      EV: 27    Int: 10    God:    Okawaru [*****.]
Gold:   907        SH:  0    Dex: 22    Spells: 12/12 levels left

rFire   + . .      SeeInvis .   G - +1 arbalest (freeze)
rCold   + . .      Faith    .   (shield currently unavailable)
rNeg    . . .      Spirit   .   l - +2 robe {rC+ rF+}
rPois   .          Reflect  .   B - +2 hat
rElec   .          Harm     .   A - +0 cloak
rCorr   .          Rampage  .   (no gloves)
Will    ++...                   b - +0 pair of boots
Stlth   +++++.....              p - amulet of regeneration
HPRegen 1.05/turn               j - ring of willpower
MPRegen 0.16/turn               e - ring of willpower

@: about to teleport, finesse-ful
A: small, no large weapons, nightstalker 3
a: Renounce Religion, Heroism, Finesse, Duel


You were on level 1 of the Orcish Mines.
You worshipped Okawaru.
Okawaru was extremely pleased with you.
You visited 3 branches of the dungeon, and saw 13 of its levels.
You also visited: Ice Cave.

You collected 1545 gold pieces.
You spent 638 gold pieces at shops.

Inventory:

Hand Weapons
 G - a +1 arbalest of freezing (weapon)
Missiles
 v - 3 throwing nets
Armour
 b - a +0 pair of boots (worn)
 l - a +2 robe of resistance (worn)
 A - a +0 cloak (worn)
 B - a +2 hat (worn)
Jewellery
 e - a ring of willpower (right hand)
 h - a ring of ice
 j - a ring of willpower (left hand)
 n - a +6 ring of dexterity
 p - an amulet of regeneration (around neck)
 r - a ring of see invisible
 t - a ring of poison resistance
 H - a +4 ring of evasion
Wands
 s - a wand of iceblast (34)
 y - a wand of acid (3)
 D - a wand of flame (2)
Scrolls
 c - 4 scrolls of immolation
 o - 2 scrolls of fog
 x - 4 scrolls of teleportation
 J - a scroll of magic mapping
Potions
 d - 5 potions of attraction
 f - 4 potions of berserk rage
 g - 7 potions of curing
 i - 5 potions of lignification
 k - 4 potions of resistance
 m - 4 potions of degeneration {unknown}
 u - a potion of invisibility {unknown}
 w - a potion of mutation {unknown}
 z - 3 potions of ambrosia {unknown}
 C - a potion of cancellation {unknown}
 E - a potion of brilliance {unknown}
 I - 2 potions of magic {unknown}


   Skills:
 * Level 14.0 Fighting
 - Level 16.0 Crossbows
 * Level 14.6 Dodging
 - Level 6.0 Stealth
 + Level 7.8 Invocations


You had 12 spell levels left.
You didn't know any spells.
Your spell library contained the following spells:

 Spells                   Type           Power      Damage    Failure   Level
 Necrotize                Necr           0%         1d4       36%         1
 Sandblast                Erth           0%         2d4       36%         1
 Passwall                 Tmut/Erth      0%         N/A       50%         2
 Sublimation of Blood     Necr           0%         N/A       50%         2
 Wereblood                Tmut           0%         N/A       50%         2
 Gell's Gravitas          Tloc           0%         N/A       75%         3
 Stone Arrow              Conj/Erth      0%         3d7       75%         3
 Teleport Other           Tloc           0%         N/A       75%         3
 Vampiric Draining        Necr           0%         2d6       75%         3
 Agony                    Necr           0%         N/A       100%        5
 Freezing Cloud           Conj/Ice/Air   0%         6-21      100%        5
 Dispersal                Tloc           0%         N/A       100%        6
 Polar Vortex             Ice            0%         N/A       100%        9
 Simulacrum               Ice/Necr       Unusable   N/A       N/A         6
 Summon Hydra             Summ           Unusable   N/A       N/A         7

Dungeon Overview and Level Annotations

Branches:
Dungeon (10/15)            Temple (1/1) D:6             Orc (2/2) D:9
    Elf (0/3) Orc:2         IceCv (visited)
   Lair: D:8-11

Altars:
Ashenzari
Cheibriados
Dithmenos
Elyvilon
Fedhas
Gozag
Hepliaklqana
Kikubaaqudgha
Makhleb
Nemelex Xobeh
Okawaru
Qazlal
Ru
Sif Muna
Trog
Uskayaw
Vehumet
Wu Jian
Xom
Yredelemnul
Zin
The Shining One
Beogh

Shops:
D:3 [   D:9 [(   Orc:1 [   Orc:2 (([:??!


Innate Abilities, Weirdness & Mutations

You are small and have problems with some larger weapons.
You are completely attuned to the shadows.


Message History

Aim: an orc knight, wielding a +2 great mace and wearing a +0 chain mail (almost dead, 72% to hit)
You shoot a bolt. The bolt hits the orc knight.
The bolt freezes the orc knight.
The orc knight is almost dead.
The orc warrior completely misses you. The orc warrior barely misses you.
The orc completely misses you.
Shoot: G) +1 arbalest (freeze)
Press: ? - help, Q - select action, (/) - cycle Shift-Dir - straight line, f/p - orc knight
Aim: an orc knight, wielding a +2 great mace and wearing a +0 chain mail (almost dead, 72% to hit)
You shoot a bolt. The bolt closely misses the orc knight.
The orc knight closely misses you.
Shoot: G) +1 arbalest (freeze)
Press: ? - help, Q - select action, (/) - cycle Shift-Dir - straight line, f/p - orc knight
Aim: an orc knight, wielding a +2 great mace and wearing a +0 chain mail (almost dead, 72% to hit)
You shoot a bolt. The bolt barely misses the orc knight.
The orc warrior hits you from afar with a +0 halberd!!
* * * LOW HITPOINT WARNING * * *
The orc warrior completely misses you. The orc completely misses you.
Shoot: G) +1 arbalest (freeze)
Press: ? - help, Q - select action, (/) - cycle Shift-Dir - straight line, f/p - orc knight
Aim: an orc knight, wielding a +2 great mace and wearing a +0 chain mail (almost dead, 72% to hit)
You shoot a bolt. The bolt barely misses the orc knight.
The orc knight completely misses you.
Shoot: G) +1 arbalest (freeze)
Press: ? - help, Q - select action, (/) - cycle Shift-Dir - straight line, f/p - orc knight
Aim: an orc knight, wielding a +2 great mace and wearing a +0 chain mail (almost dead, 72% to hit)
You shoot a bolt. The bolt closely misses the orc knight.
The orc completely misses you.
The orc warrior completely misses you. x2
Shoot: G) +1 arbalest (freeze)
Press: ? - help, Q - select action, (/) - cycle Shift-Dir - straight line, f/p - orc knight
Aim: an orc knight, wielding a +2 great mace and wearing a +0 chain mail (almost dead, 72% to hit)
You shoot a bolt. The bolt hits the orc knight.
The bolt freezes the orc knight.
You kill the orc knight!
Okawaru accepts your kill.
Unknown command.
As you read the scroll of teleportation, it crumbles to dust.
You feel strangely unstable.
The orc warrior hits you from afar with a +0 halberd!!
You die...

### #### ##.###
##.#.## #....##
#.....#####....#
##........#....##
.......$...#.###
#.....#.)#.)..##
..##o)##.........##
...))@###.......#.##
....)###.......#...#
...oo#.#....o......#
###.o.............##
##.).#....#.....##
#....)>........#
#.....)...#)..#
#....).....#.##
+..........)##


You could see 2 orc warriors and 2 orcs.

Vanquished Creatures
  Gastronok (D:8)
  An orc warlord (Orc:1)
  Harold (D:9)
  Fannar (Orc:2)
  Erolcha (Orc:2)
  5 death yaks (IceCv)
  4 orc knights (Orc:1)
  Pikel (D:7)
  10 orc sorcerers
  Joseph (D:7)
  An ice statue (IceCv)
  Maggie (D:9)
  5 trolls
  9 polar bears (IceCv)
  Prince Ribbit (D:9)
  A hornet (D:8)
  30 yaks
  3 steam dragons
  3 wargs
  A water moccasin (D:9)
  A sky beast (D:6)
  18 orc warriors
  3 black bears
  2 ice beasts
  9 ogres
  14 wolves (IceCv)
  3 centaurs
  2 phantoms (D:5)
  A kobold brigand (D:9)
  2 bullfrogs
  6 scorpions
  4 two-headed ogre simulacra (Orc:2)
  11 wights
  4 killer bees (D:8)
  3 howler monkeys (D:9)
  5 jellies
  4 hounds
  14 orc priests
  3 gnoll shamans
  Jessica (D:2)
  4 iguanas
  27 orc wizards
  A polar bear simulacrum (Orc:2)
  A spriggan simulacrum (Orc:2)
  A troll simulacrum (Orc:2)
  22 gnolls
  A naga simulacrum (Orc:2)
  5 adders
  2 shadow imps (D:7)
  3 worms
  6 dart slugs
  54 orcs
  6 endoplasms
  3 giant cockroaches
  6 goblins
  7 hobgoblins
  9 jackals
  9 quokkas
  6 ball pythons
  4 bats
  4 frilled lizards
  12 kobolds
  7 rats
391 creatures vanquished.

Notes
Turn   | Place    | Note
-------+----------+-------------------------------------------
     0 | D:1      | HoaS the Kobold Hunter began the quest for the Orb.
     0 | D:1      | Reached XP level 1. HP: 12/12 MP: 1/1
   162 | D:1      | Reached XP level 2. HP: 17/17 MP: 2/2
   260 | D:1      | Reached skill level 6 in Crossbows
   536 | D:1      | Reached XP level 3. HP: 21/21 MP: 3/3
  1044 | D:2      | Reached skill level 7 in Crossbows
  1057 | D:2      | Reached XP level 4. HP: 26/26 MP: 4/4
  1509 | D:2      | Noticed Jessica
  1512 | D:2      | Killed Jessica
  1513 | D:2      | Reached XP level 5. HP: 30/30 MP: 5/5
  1640 | D:2      | Reached skill level 8 in Crossbows
  1873 | D:3      | Found Xoedayju's Armour Emporium.
  1932 | D:3      | Identified the +10 long sword of Somewhere Else {venom,
                  | Int+3}
  2721 | D:4      | Reached XP level 6. HP: 35/35 MP: 6/6
  2762 | D:4      | Reached skill level 9 in Crossbows
  3312 | D:4      | Noticed a black bear
  3315 | D:4      | Killed a black bear
  3316 | D:4      | Reached skill level 10 in Crossbows
  3398 | D:5      | Entered Level 5 of the Dungeon
  3413 | D:5      | Reached XP level 7. HP: 40/40 MP: 7/7
  3580 | D:5      | Reached XP level 8. HP: 44/48 MP: 8/8
  3582 | D:5      | Reached skill level 5 in Dodging
  3731 | D:5      | Reached skill level 5 in Fighting
  4302 | D:6      | Reached XP level 9. HP: 56/56 MP: 9/9
  4561 | D:6      | Found a staircase to the Ecumenical Temple.
  4567 | Temple   | Entered the Ecumenical Temple
  5015 | Temple   | Became a worshipper of Warmaster Okawaru
  5094 | D:6      | Found an ancient bone altar of Kikubaaqudgha.
  5106 | D:6      | Reached skill level 1 in Invocations
  5618 | D:3      | Bought a +2 leather armour of willpower for 209 gold pieces
  6023 | D:7      | Noticed Pikel
  6045 | D:7      | Killed Pikel
  6045 | D:7      | Reached * piety under Okawaru
  6051 | D:7      | Reached XP level 10. HP: 65/65 MP: 10/12
  6052 | D:7      | Noticed Joseph
  6068 | D:7      | Killed Joseph
  6211 | D:7      | Reached skill level 10 in Dodging
  7005 | D:8      | Reached skill level 10 in Fighting
  7030 | D:8      | Reached ** piety under Okawaru
  7168 | D:8      | Noticed Gastronok
  7910 | D:8      | Killed Gastronok
  7910 | D:8      | Reached *** piety under Okawaru
  7911 | D:8      | Reached skill level 11 in Crossbows
  7911 | D:8      | Reached XP level 11. HP: 11/73 MP: 12/14
  8267 | D:9      | Noticed Maggie
  8277 | D:9      | Killed Maggie
  8277 | D:9      | Received a gift from Okawaru
  8298 | D:9      | Reached skill level 5 in Stealth
  8326 | D:9      | Identified the +0 chain mail "Coklaeto" {Dex+3}
  8470 | D:9      | Found Mohul's Weapon Emporium.
  8470 | D:9      | Found a staircase to the Orcish Mines.
  8470 | D:9      | Found Wiorrys's Armour Emporium.
  8614 | D:9      | Noticed Harold
  8629 | D:9      | Killed Harold
  8629 | D:9      | Reached **** piety under Okawaru
  8791 | D:9      | Noticed Prince Ribbit
  8795 | D:9      | Killed Prince Ribbit
  9184 | D:10     | Entered Level 10 of the Dungeon
  9255 | D:10     | Reached skill level 12 in Crossbows
  9264 | D:10     | Reached ***** piety under Okawaru
  9285 | D:10     | Reached skill level 5 in Invocations
  9699 | Orc:1    | Entered Level 1 of the Orcish Mines
  9843 | Orc:2    | Entered Level 2 of the Orcish Mines
 10006 | Orc:2    | Found Wironk's Distillery.
 10011 | Orc:2    | Bought a potion of heal wounds for 70 gold pieces
 10011 | Orc:2    | Bought a potion of curing for 42 gold pieces
 10045 | Orc:2    | Found Kosm's Assorted Antiques.
 10070 | Orc:2    | Found a frozen archway.
 10085 | IceCv    | Entered an ice cave
 10100 | IceCv    | Reached XP level 12. HP: 74/81 MP: 16/16
 10156 | IceCv    | Received a gift from Okawaru
 10185 | IceCv    | Noticed a death yak
 10187 | IceCv    | Noticed a death yak
 10200 | IceCv    | Killed a death yak
 10201 | IceCv    | Reached skill level 13 in Crossbows
 10211 | IceCv    | Killed a death yak
 10270 | IceCv    | Reached skill level 14 in Crossbows
 10359 | IceCv    | Reached skill level 15 in Crossbows
 10510 | IceCv    | Reached skill level 16 in Crossbows
 10599 | IceCv    | Noticed a death yak
 10600 | IceCv    | Noticed a death yak
 10601 | IceCv    | Noticed an ironbound frostheart
 10601 | IceCv    | Noticed an ironbound frostheart
 10601 | IceCv    | Noticed a death yak
 10625 | IceCv    | Killed a death yak
 10625 | IceCv    | Identified the +1 robe of Jaraac {rCorr Str+4} (Okawaru
                  | gifted it to you in an ice cave)
 10625 | IceCv    | Received a gift from Okawaru
 10630 | IceCv    | Killed a death yak
 10650 | IceCv    | Reached XP level 13. HP: 58/87 MP: 12/17
 10843 | Orc:2    | Found a staircase to the Elven Halls.
 11085 | Orc:2    | Found Qargheschuo's Antique Armour Shop.
 11135 | Orc:2    | Found Foph's Weapon Shop.
 11318 | Orc:2    | Paralysed by an orc sorcerer for 5 turns
 11356 | Orc:2    | Found Diecygoma's Magic Scroll Shop.
 11361 | Orc:2    | Bought a scroll of blinking for 97 gold pieces
 11361 | Orc:2    | Bought a scroll of teleportation for 39 gold pieces
 11376 | Orc:2    | Found an ancient bone altar of Kikubaaqudgha.
 11398 | Orc:2    | Found Moamir's Book Boutique.
 11415 | Orc:2    | Noticed Erolcha
 11432 | Orc:2    | Killed Erolcha
 11453 | Orc:2    | Found a radiant altar of Vehumet.
 11469 | Orc:2    | Found Atev's Magic Scroll Boutique.
 11475 | Orc:2    | Bought a scroll of teleportation for 33 gold pieces
 11475 | Orc:2    | Bought a scroll of teleportation for 33 gold pieces
 11475 | Orc:2    | Bought a scroll of teleportation for 33 gold pieces
 11475 | Orc:2    | Bought a scroll of blinking for 82 gold pieces
 11575 | Orc:2    | Found Isic's Antique Weapon Shop.
 12241 | Orc:1    | Found Daliwoit's Armour Boutique.
 12333 | Orc:1    | Noticed Fannar
 12361 | Orc:2    | Killed Fannar
 12751 | Orc:1    | Noticed an orc warlord
 12771 | Orc:1    | Killed an orc warlord
 12826 | Orc:1    | Mangled by an orc warrior

Illustrated notes

Levels and vault maps discovered:
D:1:      dpeg_arrival_line_fractal, layout_basic, st_stairs_7
D:2:      layout_loops_ring, chequers_garden, uniq_jessica
D:3:      layout_loops_ring, serial_shops, nicolae_shop_waterfront
D:4:      layout_rooms, palyth_stone_intersect, hangedman_decor_growths
D:5:      layout_loops_ring
D:6:      layout_loops_ring, lemuel_crystal_altar,
          minmay_temple_entry_statues_fountains, nicolae_benzene_ring
D:7:      layout_gridville, uniq_joseph, uniq_pikel
D:8:      layout_layer_cave, uniq_gastronok
D:9:      layout_basic, orc_david_3, uniq_harold, uniq_prince_ribbit1,
          uniq_maggie
D:10:     layout_rooms, chequers_serial_rivers_micro_d
Temple:   mainiacjoe_temple_trianglar_array
Orc:1:    layout_caves, serial_shops, shop, minmay_orc_treasury, uniq_fannar
Orc:2:    kennysheep_orc_mage_school, layout_caves,
          portal_ice_cave_entry_ice_simulacra, serial_shops,
          nicolae_shop_advertising_works [nicolae_subvault_shop_adworks], shop,
          shop, shop_fountains

Skill      XL: |  1  2  3  4  5  6  7  8  9 10 11 12 13 |
---------------+----------------------------------------+-----
Crossbows      | 6 7 8 10 11 12 16 | 16.0
Dodging        | 4 7 9 10 12 14 | 14.6
Stealth        | 3 4 6 |  6.0
Fighting       | 4 6 8 10 11 12 14 | 14.0
Invocations    | 2 4 5 6 7 |  7.8

Action                   |  1- 3 |  4- 6 |  7- 9 | 10-12 | 13-15 || total
-------------------------+-------+-------+-------+-------+-------++-------
 Fire: Hand crossbow     |    56 |   123 |   244 |   630 |    15 ||  1068
       Arbalest          |       |       |       |       |   287 ||   287
Throw: Throwing net      |       |       |       |     1 |       ||     1
Invok: Heroism           |       |       |       |     6 |     5 ||    11
       Finesse           |       |       |       |     2 |     5 ||     7
Evoke: Wand              |       |       |       |     3 |       ||     3
  Use: Scroll            |     3 |     6 |     8 |     6 |     5 ||    28
       Potion            |       |       |       |     2 |     5 ||     7
Armor: Leather armour    |     2 |     3 |       |       |       ||     5
       Robe              |       |     3 |    10 |    34 |    17 ||    64
       Ice dragon scales |       |       |       |       |     3 ||     3
Dodge: Dodged            |     7 |    24 |   100 |   532 |   282 ||   945
Block: Buckler           |       |       |       |   138 |     3 ||   141

Table legend: (Time is in decaauts)
 A = Elapsed time spent in this place.
 B = Non-inter-level travel time spent in this place.
 C = Inter-level travel time spent in this place.
 D = Time resting spent in this place.
 E = Time spent auto-exploring this place.
 F = Levels seen in this place.
 G = Mean time per level.
                   A        B        C        D        E       F      G
               +--------+--------+--------+--------+--------+-----+--------+
         Total |  12845 |  12216 |    629 |   1180 |   8726 |  14 |  917.5 |
       Dungeon |   9287 |   8931 |    356 |    617 |   6953 |  10 |  928.7 |
        Temple |    479 |    432 |     47 |      0 |    431 |   1 |  479.0 |
  Orcish Mines |   2339 |   2113 |    226 |    503 |   1062 |   2 | 1169.5 |
      Ice Cave |    738 |    738 |      0 |     60 |    280 |   1 |  738.0 |
               +--------+--------+--------+--------+--------+-----+--------+

Top non-repeatable levels by time:
   Orc:2: 1827 daAuts
     D:8: 1461 daAuts
     D:3: 1091 daAuts
     D:9: 1040 daAuts
     D:7: 1024 daAuts
     D:6: 925 daAuts
     D:1: 888 daAuts
     D:5: 864 daAuts
     D:2: 852 daAuts
   IceCv: 738 daAuts
     D:4: 706 daAuts
   Orc:1: 512 daAuts
  Temple: 479 daAuts
    D:10: 432 daAuts
